 Dungeon Crawl Stone Soup version 0.20-a0-386-g2d247ea (webtiles) character file.

22739 terra52 the Thaumaturge (level 13, -1/63 HPs)
             Began as a Gargoyle Conjurer on Dec 29, 2016.
             Was an Elder of Qazlal.
             Slain by a freezing wraith (23 damage)
             ... led by a death knight
             ... on level 12 of the Dungeon.
             The game lasted 01:42:17 (21555 turns).

terra52 the Thaumaturge (Gargoyle Conjurer)        Turns: 21555, Time: 01:42:17

Health: -1/63      AC: 20    Str: 11    XL:     13   Next: 2%
Magic:  13/31      EV: 14    Int: 22    God:    Qazlal [****..]
Gold:   909        SH:  5    Dex: 10    Spells: 22/41 levels left

rFire  . . .     SeeInvis .     U - +1 scimitar (flame)
rCold  . . .     Gourm    .     T - +0 troll leather armour
rNeg   + + .     Faith    .     (no shield)
rPois  ∞         Spirit   .     N - +2 helmet
rElec  +         Reflect  .     o - +0 cloak
rCorr  .         Harm     .     G - +1 pair of gloves
MR     .....                    Q - +0 pair of boots
Stlth  +.........               y - amulet of regeneration
                                k - ring of positive energy
                                Z - +3 ring of evasion

@: exhausted, very slightly contaminated, slowed, repel missiles, invisible,
very slow
A: negative energy resistance 1, electricity resistance, unbreathing,
petrification resistance, rot immunity, AC +9
a: Upheaval, Elemental Force, Renounce Religion


You were on level 12 of the Dungeon.
You worshipped Qazlal.
Qazlal was greatly pleased with you.
You were hungry.

You visited 4 branches of the dungeon, and saw 16 of its levels.

You collected 909 gold pieces.

Inventory:

Hand Weapons
 l - a +5 long sword of freezing
 t - a +4 spear
 U - a +1 scimitar of flaming (weapon)
Missiles
 W - 4 exploding tomahawks (quivered)
Armour
 o - a +0 cloak (worn)
 G - a +1 pair of gloves (worn)
 N - a +2 helmet (worn)
 Q - a +0 pair of boots (worn)
 T - a +0 troll leather armour (worn)
Jewellery
 k - a ring of positive energy (right hand)
 y - an amulet of regeneration (around neck)
 B - an uncursed ring of flight
 Z - a +3 ring of evasion (left hand)
Wands
 q - a wand of iceblast (11/15)
 K - a wand of flame (25/48)
 L - a wand of lightning (9/15)
 O - a wand of polymorph (11/24)
 Y - a wand of iceblast (8/15)
Scrolls
 e - a scroll of remove curse
 m - 4 scrolls of teleportation
 u - 2 scrolls of fear
 v - 3 scrolls of amnesia
 A - a scroll of blinking
 E - a scroll of brand weapon
 F - a scroll of fog
Potions
 f - 2 potions of haste {unknown}
 g - a potion of berserk rage
 h - 5 potions of lignification
 j - a potion of resistance
 p - 2 potions of magic
 r - 3 potions of heal wounds
 w - 4 potions of brilliance
 x - a potion of cure mutation
 I - 8 potions of curing
 J - 2 potions of flight
 M - 3 potions of might
 P - 2 potions of mutation
 V - a potion of cancellation {unknown}
Books
 a - a book of Necromancy

   Spells                             Type                      Level
   a - Pain                           Necromancy                   1
   b - Animate Skeleton               Necromancy                   1
   c - Vampiric Draining              Necromancy                   3
   d - Regeneration                   Charms/Necromancy            3
   e - Animate Dead                   Necromancy                   4
   f - Control Undead                 Necromancy                   4
 b - a book of Conjurations

   Spells                             Type                      Level
   a - Magic Dart                     Conjuration                  1
   b - Searing Ray                    Conjuration                  2
   c - Dazzling Spray                 Conjuration/Hexes            3
   d - Fulminant Prism                Conjuration/Hexes            4
   e - Iskenderun's Mystic Blast      Conjuration                  4
   f - Iskenderun's Battlesphere      Conjuration/Charms           5
 s - a book of Minor Magic

   Spells                             Type                      Level
   a - Magic Dart                     Conjuration                  1
   b - Blink                          Translocation                2
   c - Call Imp                       Summoning                    2
   d - Repel Missiles                 Charms/Air                   2
   e - Slow                           Hexes                        2
   f - Conjure Flame                  Conjuration/Fire             3
   g - Mephitic Cloud                 Conjuration/Poison/Air       3
 X - a book of Transfigurations

   Spells                             Type                      Level
   a - Irradiate                      Conjuration/Transmutation    5
   b - Statue Form                    Transmutation/Earth          6
   c - Hydra Form                     Transmutation                6
   d - Dragon Form                    Transmutation                7
Miscellaneous
 n - a fan of gales
Comestibles
 c - 4 bread rations
 d - 12 meat rations
 i - 3 beef jerkies
 C - 15 fruits
 H - 5 slices of pizza


   Skills:
 - Level 1.6 Dodging
 - Level 2.2 Stealth
 * Level 14.9 Spellcasting
 + Level 13.1 Conjurations
 + Level 3.3 Hexes
 + Level 3.9 Charms
 + Level 0.2 Invocations
 + Level 1.0 Evocations


You had 22 spell levels left.
You knew the following spells:

 Your Spells              Type           Power        Failure   Level  Hunger
a - Magic Dart            Conj           ####         1%          1    None
b - Searing Ray           Conj           ######       1%          2    None
c - Dazzling Spray        Conj/Hex       ######       1%          3    None
d - Iskenderun's Battles  Conj/Chrm      ######..     4%          5    ###....
e - Iskenderun's Mystic   Conj           ######..     1%          4    None
f - Fulminant Prism       Conj/Hex       ######....   1%          4    None


Dungeon Overview and Level Annotations

Branches:
Dungeon (12/15)            Temple (1/1) D:5            Lair (2/6) D:8
    Orc (1/2) D:10
  Swamp: Lair:2-4    Shoals: Lair:2-4     Snake: Lair:2-4    Spider: Lair:2-4

Altars:
Cheibriados
Elyvilon
Fedhas
Gozag
Hepliaklqana
Kikubaaqudgha
Makhleb
Okawaru
Qazlal
Ru
Sif Muna
Trog
Uskayaw
Zin
The Shining One

Annotations:
D:5 Rewans's ghost, amateur MiFi
Lair:2 Urug
Orc:1 Erolcha; Josephine


Innate Abilities, Weirdness & Mutations

You are resistant to torment.
Your stone body is resilient. (AC +9)
You are immune to poison.
You resist negative energy. (rN+)
You are resistant to electric shocks. (rElec)
You can survive without breathing.
You are immune to petrification.
You are immune to rotting.


Message History

The death knight offers itself to Yredelemnul, and fills with unholy energy.
The death knight mumbles some strange prayers to Yredelemnul against you.
You struggle to resist.
The death knight mumbles some strange prayers to Yredelemnul against you.
You struggle to resist.
The death knight calls down the wrath of Yredelemnul upon you.
The freezing wraith is unaffected.
The death knight offers itself to Yredelemnul, and fills with unholy energy.
The freezing wraith barely misses you.
You riposte.
You hit the freezing wraith but do no damage.
The freezing wraith is moderately damaged.
The freezing wraith hits you. The freezing wraith drains your vigour!
You feel as though you will be slow longer.
Okay, then.
The death knight mumbles some strange prayers to Yredelemnul against you.
Your body is wracked with pain!
The freezing wraith hits you but does no damage. x2
The death knight is engulfed in freezing vapours.
The freezing wraith hits you! The freezing wraith freezes you!!
You die...

..#################.#
....................#
p...................#
...Wp...............#
####W#############..#
#.# #..# #.# #..#
#.#############..#
####.....[..W.pW@.§.#
...............W§...#
#..........p.§.§....#
#..###############..#
#..###############..#
#...................#
....................#
....................#
######.############.#


You could see 2 death knights and 3 freezing wraiths.

Vanquished Creatures
  Frances (D:12)
  Azrael (D:12)
  2 hydras
  Nergalle (Lair:1)
  An unseen horror (D:10)
  A phantasmal warrior (D:11)
  Joseph (D:9)
  5 spiny frogs
  A gargoyle (D:11)
  2 freezing wraiths
  A komodo dragon (Lair:1)
  2 trolls
  Prince Ribbit (D:9)
  2 hippogriffs
  2 dream sheep (D:10)
  3 wraiths
  14 yaks
  2 basilisks
  A hungry ghost (D:8)
  2 wyverns
  2 fire elementals (D:11)
  5 hell hounds
  4 water moccasins
  5 porcupines
  3 sky beasts
  5 orc warriors
  5 black bears
  3 eyes of draining
  4 ice beasts
  4 ogres
  10 centaurs
  2 necrophages
  2 wolves (D:8)
  4 big kobolds (D:10)
  5 crocodiles
  8 bullfrogs
  A gnoll sergeant (D:5)
  4 scorpions
  17 killer bees
  12 wights
  3 electric eels (D:10)
  5 howler monkeys
  4 crimson imps
  3 quasits
  8 hounds
  10 orc priests
  3 bullfrog skeletons
  2 gnoll shamans (D:3)
  3 jellies
  12 orc wizards
  An iguana (D:5)
  Jessica (D:2)
  9 worker ants
  A hound zombie (D:9)
  3 hound skeletons (D:5)
  A worker ant zombie (D:11)
  50 gnolls
  20 adders
  3 shadow imps
  2 oozes
  An adder zombie (D:6)
  3 worms
  2 dart slugs
  4 leopard geckos
  41 orcs
  6 bats
  6 giant cockroaches
  8 goblins
  4 hobgoblins
  28 jackals
  11 kobolds
  8 quokkas
  A ball python (D:3)
  9 frilled lizards
  A goblin skeleton (D:8)
  2 hobgoblin zombies (D:8)
  A leopard gecko skeleton (D:7)
  3 orc zombies (D:8)
  8 rats
442 creatures vanquished.

Vanquished Creatures (others)
  A bullfrog zombie (D:12)
  An orc wizard (Orc:1)
  2 fulminant prisms
  3 fungi
  A plant (D:8)
8 creatures vanquished.

Grand Total: 450 creatures vanquished

Notes
Turn   | Place    | Note
-------+----------+-------------------------------------------
     0 | D:1      | terra52 the Gargoyle Conjurer began the quest for the Orb.
     0 | D:1      | Reached XP level 1. HP: 10/10 MP: 3/3
   217 | D:1      | Reached XP level 2. HP: 3/15 MP: 0/5
   494 | D:1      | Reached skill level 5 in Conjurations
   703 | D:1      | Reached XP level 3. HP: 19/19 MP: 3/6
  1504 | D:2      | Found a white marble altar of Elyvilon.
  1526 | D:2      | Became a worshipper of Elyvilon the Healer
  1847 | D:2      | Reached * piety under Elyvilon
  1875 | D:2      | Noticed Jessica
  1880 | D:2      | Killed Jessica
  1880 | D:2      | Reached skill level 3 in Spellcasting
  1880 | D:2      | Reached XP level 4. HP: 24/24 MP: 0/8
  1887 | D:2      | Learned a level 2 spell: Searing Ray
  1891 | D:2      | Learned a level 3 spell: Dazzling Spray
  2113 | D:2      | Found a hide-covered altar of Uskayaw.
  2413 | D:2      | Reached XP level 5. HP: 28/28 MP: 7/10
  3222 | D:3      | Found a faded altar of an unknown god.
  3569 | D:3      | Reached skill level 4 in Spellcasting
  3826 | D:3      | Reached XP level 6. HP: 26/32 MP: 6/12
  4585 | D:4      | Found a glowing silver altar of Zin.
  4636 | D:4      | Found an iron altar of Okawaru.
  4690 | D:4      | Reached ** piety under Elyvilon
  4748 | D:4      | Reached skill level 5 in Spellcasting
  4789 | D:4      | Noticed an eye of draining
  4790 | D:4      | Found a bloodstained altar of Trog.
  4790 | D:4      | Noticed an eye of draining
  4809 | D:4      | Killed an eye of draining
  4809 | D:4      | Reached XP level 7. HP: 36/36 MP: 0/15
  5071 | D:4      | Found a burning altar of Makhleb.
  5284 | D:4      | Reached skill level 6 in Spellcasting
  5887 | D:3      | Reached XP level 8. HP: 41/41 MP: 3/18
  6180 | D:3      | Reached skill level 7 in Spellcasting
  7258 | D:5      | Entered Level 5 of the Dungeon
  7504 | D:5      | Reached skill level 8 in Spellcasting
  7625 | D:5      | Learned a level 5 spell: Iskenderun's Battlesphere
  7630 | D:5      | Learned a level 4 spell: Iskenderun's Mystic Blast
  7635 | D:5      | Learned a level 4 spell: Fulminant Prism
  8077 | D:5      | Reached XP level 9. HP: 45/45 MP: 14/21
  8095 | D:5      | Noticed Rewans's ghost (amateur MiFi)
  8337 | D:5      | Reached *** piety under Elyvilon
  8372 | D:5      | Found an ancient bone altar of Kikubaaqudgha.
  8821 | D:5      | Found a staircase to the Ecumenical Temple.
  8830 | Temple   | Entered the Ecumenical Temple
  8904 | Temple   | Fell from the grace of Elyvilon
  8904 | Temple   | Became a worshipper of Qazlal Stormbringer
  9338 | D:6      | Reached skill level 9 in Spellcasting
 10062 | D:6      | Reached * piety under Qazlal
 10483 | D:6      | Reached skill level 1 in Charms
 10605 | D:7      | Found an opulent altar of Gozag.
 10687 | D:7      | Reached skill level 10 in Spellcasting
 11501 | D:7      | Reached skill level 1 in Evocations
 11501 | D:7      | Reached XP level 10. HP: 50/50 MP: 11/24
 12112 | D:8      | Reached skill level 1 in Hexes
 12257 | D:8      | Reached ** piety under Qazlal
 12276 | D:8      | Found a glowing golden altar of the Shining One.
 12664 | D:8      | Reached skill level 10 in Conjurations
 12712 | D:8      | Reached skill level 11 in Spellcasting
 12864 | D:8      | Found a staircase to the Lair.
 13021 | Lair:1   | Entered Level 1 of the Lair of Beasts
 13089 | Lair:1   | Noticed a spiny frog
 13099 | Lair:1   | Killed a spiny frog
 13185 | Lair:1   | Noticed a spiny frog
 13191 | Lair:1   | Killed a spiny frog
 14032 | Lair:2   | Reached XP level 11. HP: 54/54 MP: 12/26
 14036 | Lair:2   | Reached skill level 12 in Spellcasting
 14144 | Lair:2   | Noticed Urug
 14193 | Lair:2   | Noticed Nergalle
 14201 | Lair:1   | Killed Nergalle
 14399 | Lair:2   | Noticed an eight-headed hydra
 14445 | Lair:2   | Killed an eight-headed hydra
 15187 | D:8      | Found a snail-covered altar of Cheibriados.
 15326 | D:8      | Found an ancient bone altar of Kikubaaqudgha.
 15327 | D:8      | Found a hazy altar of Hepliaklqana.
 15359 | D:8      | Reached *** piety under Qazlal
 15374 | D:9      | Reached skill level 13 in Spellcasting
 15659 | D:9      | Noticed Joseph
 15677 | D:9      | Killed Joseph
 15818 | D:9      | Noticed Prince Ribbit
 15821 | D:9      | Killed Prince Ribbit
 16104 | D:9      | Found a hide-covered altar of Uskayaw.
 16513 | D:10     | Entered Level 10 of the Dungeon
 16884 | D:10     | Killed an unseen horror
 17210 | D:10     | Reached **** piety under Qazlal
 17650 | D:10     | Reached XP level 12. HP: 59/59 MP: 11/29
 17664 | D:10     | Found a staircase to the Orcish Mines.
 17915 | D:10     | Noticed a three-headed hydra
 17919 | D:10     | Killed a three-headed hydra
 19125 | D:11     | Reached skill level 14 in Spellcasting
 19791 | Orc:1    | Entered Level 1 of the Orcish Mines
 19797 | Orc:1    | Noticed Josephine
 19802 | Orc:1    | Noticed Erolcha
 20484 | D:12     | Noticed Azrael
 20779 | D:12     | Killed Azrael
 20954 | D:12     | Noticed Frances
 20994 | D:12     | Killed Frances
 21005 | D:12     | Noticed a death knight
 21143 | D:12     | Noticed a death knight
 21156 | D:11     | Reached XP level 13. HP: 63/63 MP: 14/31
 21555 | D:12     | Slain by a freezing wraith

Vault maps used:
D:1:      minmay_arrival_up_and_down, serial_glass, glass_columns_c,
          glass_columns_a, glass_columns_a, glass_columns_b, glass_columns_b,
          glass_columns_c, glass_columns_a, glass_columns_a,
          lemuel_another_geyser
D:2:      elyvilon_altar_4, nicolae_overflow_hidden_temple, marbit_many_paths,
          serial_co_window_serial, co_window_paths_a,
          co_window_of_opportunity_a, co_window_paths_a, co_window_corner_a,
          co_window_paths_a, co_window_paths_a, co_window_paths_a,
          co_window_of_opportunity_c, co_window_corner_b,
          co_window_of_opportunity_b, co_window_broadway_a, co_window_corner_b,
          co_window_corner_cb, co_window_4corner_a, glass_columns_a,
          glass_columns_a, glass_columns_b, glass_columns_a, glass_columns_b,
          uniq_jessica
D:3:      lemuel_castle_with_subvaults, chequers_ecumenical_altar_simple_redux
D:4:      okawaru_metal_pillars_1_2, zin_treasury, trog_eyes_of_draining,
          first_bread, makhleb_heckhound_becter
D:5:      basic_altar
D:6:      minmay_misc_feat_chi, lightli_corner_chamber
D:7:      nicolae_gozag_seed_capital
D:8:      cheibriados_altar_1, nicolae_tso_besieged_by_evil,
          gammafunk_temple_overflow_statue, minmay_lair_entry_grove
D:9:      basic_altar, uniq_prince_ribbit1, uniq_joseph
D:10:     erik_orc_2, serial_column_ruins, column_ruins_open_small,
          column_ruins_columns_straight, column_ruins_columns_straight,
          hangedman_ranch
D:12:     uniq_frances, uniq_azrael
Temple:   minmay_temple_curvy_loop
Lair:1:   grunt_megastairs_4
Lair:2:   uniq_urug, uniq_nergalle
Orc:1:    nicolae_orc_flooded_monolith, uniq_erolcha, uniq_maurice,
          uniq_josephine

Skill      XL: |  1  2  3  4  5  6  7  8  9 10 11 12 |
---------------+-------------------------------------+-----
Conjurations   | 5 6 7 8 9 10 11 13 | 13.1
Spellcasting   | 3 4 5 6 8 10 11 13 14 | 14.9
Charms         | 1 2 3 |  3.9
Evocations     | 1 |  1.0
Hexes          | 1 3 |  3.3
Dodging        | |  1.6
Stealth        | |  2.2
Invocations    | |  0.2

Action                   |  1- 3 |  4- 6 |  7- 9 | 10-12 | 13-15 || total
-------------------------+-------+-------+-------+-------+-------++-------
Melee: Halberd           |     8 |     5 |       |       |       ||    13
       Spear             |       |    40 |    59 |       |       ||    99
       Long sword        |       |       |       |    67 |       ||    67
       Scimitar          |       |       |       |       |     8 ||     8
Throw: Tomahawk          |       |       |     3 |       |       ||     3
 Cast: Magic Dart        |    66 |   126 |   212 |   286 |     1 ||   691
       Searing Ray       |       |     5 |    64 |    98 |     2 ||   169
       Dazzling Spray    |       |     3 |    10 |    57 |     1 ||    71
       Iskenderun's Batt |       |       |       |    45 |     2 ||    47
       Iskenderun's Myst |       |       |       |    11 |     3 ||    14
       Fulminant Prism   |       |       |       |     1 |     1 ||     2
Invok: Upheaval          |       |       |       |     1 |       ||     1
Evoke: Wand              |       |       |     5 |     4 |       ||     9
  Use: Scroll            |       |       |    13 |    17 |     1 ||    31
       Potion            |       |       |       |     1 |     2 ||     3
  Eat: Chunk             |     4 |     8 |    18 |    23 |       ||    53
       Pizza             |       |       |     1 |     3 |       ||     4
       Fruit             |       |       |     1 |     3 |       ||     4
       Royal jelly       |       |       |       |     3 |       ||     3
       Beef jerky        |       |       |       |     1 |       ||     1
Armor: Robe              |     9 |    19 |    48 |    49 |       ||   125
       Troll leather arm |       |       |       |    70 |    12 ||    82
Dodge: Dodged            |    11 |    37 |    88 |   204 |    10 ||   350
       Deflected         |       |       |       |    12 |       ||    12
Block: Other             |       |       |     2 |    58 |     7 ||    67
       Rpst.: Long sword |       |       |       |    46 |       ||    46
       Scimitar          |       |       |       |       |     3 ||     3
